[Event "Team 45 45 League T32"]
[Site "Internet Chess Club"]
[Date "2007.02.18"]
[Round "5"]
[White "BrunosAces"]
[Black "bobhill"]
[Result "1-0"]
[WhiteElo "1969"]
[BlackElo "2039"]
[ECO "A39"]
[TimeControl "2700+45"]

1. c4 c5 2. g3 Nc6 3. Bg2 g6 4. Nc3 Nf6 5. Nf3 Bg7 6. O-O O-O 7. d4 cxd4 8. Nxd4
Nxd4 9. Qxd4 d6 10. Qd3 a6 11. e4 Qc7 12. Bd2 Be6 13. b3 Ng4 14. Rac1 Rac8 15.
Ne2 Ne5 16. Qb1 Bh3 17. Rfd1 Bg4 18. Re1 Qd7 19. f4 Nf3+ 20. Bxf3 Bxf3 21. Qd3
Qg4 22. Kf2 Bxe2 23. Rxe2 h5 24. Bc3 Bh6 25. Qf3 Qh3 26. Qg2 Qd7 27. e5 dxe5 28.
Bxe5 Rc6 29. Rce1 Rfc8 30. Bb2 e6 31. Qe4 f5 32. Qe3 Bf8 33. Qe5 Qh7 34. Qf6 Be7
35. Qc3 h4 36. Rxe6 hxg3+ 37. hxg3 Qh2+ 38. Kf3 Bf8 39. Qf6 Qh7 40. Kg2 Qg7 41.
Qxg7+ Bxg7 42. Rxc6 bxc6 43. Bxg7 Kxg7 44. Re7+ Kf6 45. Ra7 g5 46. Rxa6 g4 47.
b4 Ke7 48. a4 Rd8 49. Rxc6 Rd2+ 50. Kf1 Rd3 51. Kf2 Rd2+ 52. Ke3 Rg2 53. Kd4
Rxg3 54. Ke5 Ra3 55. a5 g3 56. Kxf5 Ra4 57. Rg6 Rxb4 58. Rxg3 Rxc4 59. Ra3 Rc5+
60. Kg4 Rc7 61. a6 Ra7 62. Kg5 Kd6 63. f5 Kc7 64. f6 Kb8 65. Kg6 Rd7 66. f7 Rd6+
67. Kg7 Rd7 68. Kg8 Rd8+ 69. f8=Q Ka7 70. Rf3 {Black resigns} 1-0

[Event "Team 45 45 League T32"]
[Site "Internet Chess Club"]
[Date "2007.02.17"]
[Round "5"]
[White "baumhauer"]
[Black "Vitruvian"]
[Result "1-0"]
[WhiteElo "2034"]
[BlackElo "1833"]
[ECO "B02"]
[TimeControl "2700+45"]

1. e4 Nf6 2. e5 Nd5 3. Nc3 Nxc3 4. dxc3 d5 5. g3 g6 6. Bg2 c6 7. Be3 Bg7 8. f4
Na6 9. Qd2 Qa5 10. Ne2 e6 11. O-O Bd7 12. a4 c5 13. Rfb1 Qc7 14. b4 c4 15. Nd4
Qb8 16. Qf2 Nc7 17. Re1 O-O 18. Nf3 Qc8 19. Bxa7 b5 20. a5 Na6 21. Bb6 f6 22.
exf6 Bxf6 23. Bd4 Qc7 24. Bh3 Rae8 25. Bxf6 Rxf6 26. Qd4 Ref8 27. Ne5 Bc8 28.
Re3 h5 29. Rae1 Qd6 30. Nf3 Nc7 31. Ng5 Bd7 32. Qb6 Qxb6 33. axb6 Na8 34. Bxe6+
Bxe6 35. Nxe6 Rb8 36. Nc7 Nxb6 37. Nxb5 Na4 38. Nc7 Rd6 39. Ne6 Rb7 40. Kf2 Kf7
41. Nd4 Rdd7 42. R1e2 Rb6 43. Ke1 Rbb7 44. Kd2 Nb6 45. Ne6 Ra7 46. Re5 Ra3 47.
Ng5+ Kf8 48. Re8+ Kg7 49. Ne6+ Kh7 {Black resigns} 1-0

[Event "Team 45 45 League T32"]
[Site "Internet Chess Club"]
[Date "2007.02.18"]
[Round "5"]
[White "Zebbile"]
[Black "Boromir"]
[Result "1-0"]
[WhiteElo "2159"]
[BlackElo "1952"]
[ECO "D29"]
[TimeControl "2700+45"]

1. d4 d5 2. c4 dxc4 3. Nf3 Nf6 4. e3 e6 5. Bxc4 c5 6. O-O a6 7. Qe2 b5 8. Bb3
Bb7 9. a4 Qb6 10. axb5 axb5 11. Rxa8 Bxa8 12. Nc3 c4 13. Bc2 b4 14. Na4 Qc6 15.
b3 c3 16. Bd3 Nbd7 17. Bb5 Qc7 18. Ne5 Bd6 19. Nxd7 Nxd7 20. Bxd7+ Qxd7 21. Nb6
Qc6 22. Nxa8 Qxa8 23. Qb5+ Ke7 24. Qg5+ Kf8 25. e4 f6 26. Qb5 Qe8 27. Qa6 Qe7
28. e5 fxe5 29. dxe5 Bb8 30. Qc8+ Qe8 31. Qb7 Bxe5 32. Qxb4+ Kf7 33. Bg5 Qd7 34.
Qc5 Qc7 35. Qe3 Re8 36. Kh1 h6 37. f4 Bf6 38. Bxf6 gxf6 39. f5 exf5 40. Qxh6 Rg8
41. Qh7+ Rg7 42. Qxf5 Qc6 43. Qf2 Rg5 44. Kg1 Rb5 45. Qc2 Qb6+ 46. Kh1 Rxb3 47.
Qh7+ Kf8 48. Re1 Qc6 49. Rd1 Qb6 50. Qh8+ Kf7 51. Rd7+ Ke6 52. Qe8+ Kf5 53. Rd5+
Kf4 54. g3+ Kf3 55. Rf5+ Kg4 56. Qg6+ Kh3 57. Rh5# {Black checkmated} 1-0

[Event "Team 45 45 League T32"]
[Site "Internet Chess Club"]
[Date "2007.02.20"]
[Round "5"]
[White "JohnnySP"]
[Black "David-Carioca"]
[Result "1-0"]
[WhiteElo "1881"]
[BlackElo "1486"]
[ECO "C02"]
[TimeControl "2700+45"]

1. e4 e6 2. d4 d5 3. e5 b6 4. c3 Qd7 5. Nf3 Ba6 6. Bxa6 Nxa6 7. Qd3 Nb8 8. O-O
Nc6 9. Bg5 h6 10. Bh4 g5 11. Bg3 f5 12. exf6 Nxf6 13. Qg6+ Qf7 14. Qxf7+ Kxf7
15. Bxc7 Rc8 16. Ne5+ Kg7 17. Nxc6 Rxc7 18. Ne5 Bd6 19. Re1 Re8 20. Nd2 Nd7 21.
Nxd7 Rxd7 22. Nf3 g4 23. Ne5 Bxe5 24. Rxe5 Rf7 25. Rae1 Rf6 26. Rxd5 Re7 27.
Rde5 Ref7 28. R1e2 Re7 29. d5 Kf7 30. dxe6+ Rfxe6 31. Rxe6 Rxe6 32. Rxe6 Kxe6
33. h3 h5 34. hxg4 hxg4 35. Kh2 Kf5 36. Kg3 {Black resigns} 1-0

[Event "Team 45 45 League T32"]
[Site "Internet Chess Club"]
[Date "2007.02.20"]
[Round "5"]
[White "hondocando"]
[Black "JeCrainsDegun"]
[Result "1-0"]
[WhiteElo "1612"]
[BlackElo "1702"]
[ECO "C59"]
[TimeControl "2700+45"]

1. e4 e5 2. Nf3 Nc6 3. Bc4 Nf6 4. Ng5 d5 5. exd5 Na5 6. Bb5+ c6 7. dxc6 bxc6 8.
Be2 h6 9. Nh3 Bd6 10. d3 O-O 11. Nc3 Nb7 12. Be3 Nc5 13. Bf3 Bb7 14. O-O Ne6 15.
Qd2 Kh7 16. Rad1 Qc7 17. Ne4 Nxe4 18. dxe4 Rfd8 19. Qc1 Qe7 20. g3 Bc8 21. Bg2
Ba6 22. c4 c5 23. f4 Nd4 24. Bxd4 cxd4 25. b3 f6 26. f5 Rac8 27. Nf2 Qc7 28. Nd3
Qa5 29. Qd2 Qb6 30. g4 Rc7 31. h4 Ba3 32. Bf3 Re8 33. Kg2 Be7 34. Rh1 g5 35.
hxg5 fxg5 36. Rh5 Bd8 37. Rdh1 Rc6 38. Qe1 Qc7 39. Nb4 Rd6 40. Nd5 Qg7 41. Qd2
Rf8 42. c5 Rdf6 43. Nxf6+ Rxf6 44. Rxg5 Qf8 45. b4 Bb5 46. Rgh5 Be8 47. R5h3 Qg7
48. Kf2 Ra6 49. Be2 Bg5 50. Qc2 Ra3 51. Rxa3 Be3+ 52. Rxe3 dxe3+ 53. Kxe3 Qg5+
54. Kd3 Bb5+ 55. Kc3 Qe3+ 56. Bd3 Qd4+ 57. Kd2 Qe3+ 58. Kxe3 {Black resigns} 1-0

[Event "Team 45 45 League T32"]
[Site "Internet Chess Club"]
[Date "2007.02.17"]
[Round "5"]
[White "pokerram"]
[Black "herbertfaria"]
[Result "1-0"]
[WhiteElo "1720"]
[BlackElo "1650"]
[ECO "C92"]
[TimeControl "2700+45"]

1. e4 e5 2. Nf3 Nc6 3. Bb5 a6 4. Ba4 Nf6 5. O-O Be7 6. Re1 b5 7. Bb3 d6 8. h3
O-O 9. c3 Bb7 10. Bc2 Re8 11. d4 h6 12. d5 Nb8 13. a4 c6 14. dxc6 Bxc6 15. axb5
Bxb5 16. b3 Qc7 17. c4 Bd7 18. Nc3 Nc6 19. Ba3 Reb8 20. Nd5 Nxd5 21. exd5 Nb4
22. Bxb4 Rxb4 23. Qd3 g6 24. Qd2 Kg7 25. Qxb4 Qc8 26. Kh2 f5 27. Nd4 g5 28. Ne6+
Kf6 29. Qc3 Bxe6 30. dxe6 Qxe6 31. Qf3 e4 32. Bxe4 Qe5+ 33. Kh1 Rd8 34. Bd5
{Black resigns} 1-0

[Event "Team 45 45 League T32"]
[Site "Internet Chess Club"]
[Date "2007.02.16"]
[Round "5"]
[White "chsrules88"]
[Black "Thestorm"]
[Result "1-0"]
[WhiteElo "2093"]
[BlackElo "2126"]
[ECO "B32"]
[TimeControl "2700+45"]

1. e4 c5 2. Nf3 Nc6 3. d4 cxd4 4. Nxd4 e5 5. Nb5 d6 6. N1c3 a6 7. Na3 b5 8. Nd5
Nge7 9. Bg5 h6 10. Bf6 Qa5+ 11. c3 Ng6 12. Bxb5 axb5 13. Nxb5 Ra7 14. Nxd6+ Bxd6
15. Bxg7 Qa4 16. Nf6+ Ke7 17. b3 Qa3 18. Nd5+ Ke8 19. O-O Ba6 20. Re1 Nce7 21.
Nf6+ Kd8 22. Qd2 Rg8 23. Qxh6 Kc8 24. Qh3+ Kb8 25. Nxg8 Nxg8 26. Rad1 Rc7 27.
Rd2 Bb5 28. Red1 Rd7 29. Qh7 N8e7 30. h4 Kc7 31. h5 Nf4 32. Rxd6 Qxd6 33. Rxd6
Kxd6 34. Qh6+ Kc5 35. Bxe5 Ne2+ 36. Kh2 Bd3 37. Qe3+ {Black resigns} 1-0

[Event "Team 45 45 League T32"]
[Site "Internet Chess Club"]
[Date "2007.02.18"]
[Round "5"]
[White "tourettes"]
[Black "billscotty"]
[Result "0-1"]
[WhiteElo "1828"]
[BlackElo "1701"]
[ECO "C62"]
[TimeControl "2700+45"]

1. e4 e5 2. Nf3 Nc6 3. Bb5 d6 4. d4 Bd7 5. dxe5 Nxe5 6. Bxd7+ Nxd7 7. O-O Ngf6
8. Re1 Be7 9. Nc3 O-O 10. Nd4 Re8 11. Re3 Bf8 12. Qe2 c6 13. f4 Nc5 14. b4 Ne6
15. Nxe6 Rxe6 16. Bb2 Qb6 17. a3 Nxe4 18. Na4 Qb5 19. c4 Qxa4 20. Rxe4 Rxe4 21.
Qxe4 Qb3 22. Rb1 d5 23. cxd5 Qxd5 24. Qc2 Rd8 25. f5 Bd6 26. Re1 f6 27. Kh1 Be5
28. Bc1 Qd3 29. Qf2 Bc3 30. Rf1 Bd4 31. Qf4 Be5 32. Qf2 b6 33. Qa2+ Kf8 34. Qf2
Rd4 35. Be3 Rc4 36. Qf3 Bd4 37. Bxd4 Rxd4 38. Qf2 Rd5 39. Qf4 Re5 40. a4 Qe4 41.
Qd2 Rd5 42. Qc3 Rxf5 43. Re1 Qd5 44. Qc2 g6 45. Rd1 Qe6 46. Rd8+ Kg7 47. Rd1 Rd5
48. Rf1 Rd4 49. Qb2 Qd6 50. Qe2 Rxb4 51. Rd1 Rd4 52. Re1 Rxa4 53. h3 Ra5 54. Qc4
Re5 55. Ra1 a5 56. Qb3 Rb5 57. Qc2 Rd5 58. Qe2 Qe5 59. Qf1 c5 60. Re1 Qd6 61.
Kg1 Re5 62. Rd1 Qe7 63. Kh2 Qc7 64. Kh1 c4 65. Qf2 c3 66. Qc2 b5 67. g3 Re3 68.
Rd2 Qxg3 69. Rd7+ Kf8 70. Rd8+ Ke7 {White resigns} 0-1

[Event "Team 45 45 League T32"]
[Site "Internet Chess Club"]
[Date "2007.02.16"]
[Round "5"]
[White "joshtournman"]
[Black "bmw2002"]
[Result "1-0"]
[WhiteElo "1498"]
[BlackElo "1678"]
[ECO "B13"]
[TimeControl "2700+45"]

1. e4 c6 2. c4 d5 3. exd5 cxd5 4. d4 Nf6 5. Nc3 Nc6 6. Nf3 Bg4 7. Be3 e6 8. Qb3
Bxf3 9. Qxb7 dxc4 10. gxf3 Nb4 11. Qb5+ Qd7 12. Qxd7+ Kxd7 13. O-O-O Rc8 14. d5
Nbxd5 15. Nxd5 Nxd5 16. Rxd5+ exd5 17. Bh3+ Kc7 18. Bxc8 Kxc8 19. Rd1 Bd6 20. f4
Rd8 21. Rxd5 Rd7 22. Kc2 Bc7 23. Rxd7 Kxd7 24. Kc3 Ke6 25. Kxc4 Kf5 26. Bxa7
Bxf4 27. h3 Bd2 28. b4 Ke4 29. b5 Kf3 30. b6 Kxf2 31. b7+ {Black resigns} 1-0

[Event "Team 45 45 League T32"]
[Site "Internet Chess Club"]
[Date "2007.02.17"]
[Round "5"]
[White "YoniK"]
[Black "BigNEazy"]
[Result "1-0"]
[WhiteElo "2148"]
[BlackElo "2194"]
[ECO "B43"]
[TimeControl "2700+45"]

1. e4 c5 2. Nf3 e6 3. d4 cxd4 4. Nxd4 a6 5. Nc3 Qc7 6. Be2 Nf6 7. O-O b5 8. Bg5
b4 9. Bxf6 bxc3 10. Bh4 cxb2 11. Rb1 Ba3 12. Qd3 Bc5 13. Rxb2 O-O 14. Bg3 e5 15.
Nf5 Nc6 16. Qd5 Ba7 17. Bc4 Rb8 18. Nd6 Qa5 19. Qxa5 Nxa5 20. Bxe5 Rxb2 21. Bxb2
Bc5 22. Bxf7+ Rxf7 23. Nxf7 Kxf7 24. Rd1 Nc6 25. Kf1 d6 26. f4 Be6 27. a3 g6 28.
Ke1 Na5 29. Bc3 Nc4 30. Bb4 Ne3 31. Bxc5 dxc5 32. Rd2 Ke7 33. Kf2 Nc4 34. Rd3
Nd6 35. Kf3 c4 36. Rd2 a5 37. g4 Nb5 38. f5 Bf7 39. Rd1 Nxa3 40. Ra1 Nxc2 41.
Rxa5 gxf5 42. gxf5 Nd4+ 43. Kf4 Nc6 44. Rb5 Kd7 45. Rb7+ Ke8 46. Rc7 Nb4 47. Kg5
Na2 48. e5 Bd5 49. e6 c3 50. Kf6 Kd8 51. Rc5 Bb3 52. e7+ Kd7 53. Re5 Ke8 54. Ra5
Kd7 55. Ra7+ Kd6 56. e8=Q c2 57. Qe5+ Kc6 58. Rc7+ {Black resigns} 1-0

[Event "Team 45 45 League T32"]
[Site "Internet Chess Club"]
[Date "2007.02.20"]
[Round "5"]
[White "upturnedcircle"]
[Black "Terte"]
[Result "1-0"]
[WhiteElo "1950"]
[BlackElo "1991"]
[ECO "E61"]
[TimeControl "2700+45"]

1. d4 g6 2. c4 Bg7 3. Nf3 Nf6 4. Nc3 O-O 5. Bf4 d6 6. e3 Nbd7 7. Be2 c5 8. O-O
Nh5 9. Bg5 f5 10. d5 Nhf6 11. h3 Ne5 12. Nxe5 dxe5 13. Bxf6 Rxf6 14. e4 b6 15.
Qd2 fxe4 16. Nxe4 Rf4 17. Bd3 e6 18. Nc3 Bb7 19. Be4 Bh6 20. Qc2 exd5 21. Bxd5+
Bxd5 22. Nxd5 Rd4 23. Rad1 Qh4 24. Rxd4 cxd4 25. Re1 Bg7 26. Qe4 Qxe4 27. Rxe4
g5 28. Kf1 Kf7 29. Ke2 Rc8 30. Kd3 Ke6 31. g4 b5 32. b3 bxc4+ 33. bxc4 Rf8 34.
Ke2 Rc8 35. Kd3 Rc5 36. Re2 Ra5 37. Rc2 Ra3+ 38. Ke4 Rxh3 39. c5 d3 40. Rd2 h5
41. c6 hxg4 42. c7 Kd7 43. Rxd3 Rxd3 44. Kxd3 Bf8 45. Ke4 Bd6 46. Kf5 g3 47.
fxg3 e4 48. Nf6+ Kxc7 49. Ne8+ Kd7 50. Nxd6 e3 51. Nf7 e2 52. Ne5+ Kd6 53. Nf3
Kd5 54. g4 a5 55. Ne1 a4 56. Kxg5 Kc4 57. Kf4 Kc3 58. g5 Kb2 59. g6 Kxa2 60. g7
a3 61. g8=Q+ Kb2 62. Qb8+ Ka1 63. Qb3 a2 64. Nc2# {Black checkmated} 1-0

[Event "Team 45 45 League T32"]
[Site "Internet Chess Club"]
[Date "2007.02.16"]
[Round "5"]
[White "Sailor"]
[Black "chiiwen"]
[Result "1-0"]
[WhiteElo "1831"]
[BlackElo "1886"]
[ECO "B21"]
[TimeControl "2700+45"]

1. e4 c5 2. d4 cxd4 3. c3 dxc3 4. Nxc3 g6 5. Bc4 Bg7 6. Nf3 Nc6 7. e5 e6 8. Bf4
Nge7 9. Ne4 O-O 10. Nf6+ Bxf6 11. exf6 Nd5 12. Bxd5 exd5 13. Bg5 Re8+ 14. Kf1 h6
15. h4 d6 16. Qxd5 hxg5 17. hxg5 Ne5 18. g3 Qc7 19. Nxe5 Rxe5 20. Rh8+ Kxh8 21.
Qh1+ Kg8 22. Qh6 Bh3+ 23. Kg1 {Black resigns} 1-0

[Event "Team 45 45 League T32"]
[Site "Internet Chess Club"]
[Date "2007.02.17"]
[Round "5"]
[White "DTK"]
[Black "Legal"]
[Result "1-0"]
[WhiteElo "2179"]
[BlackElo "2034"]
[ECO "B28"]
[TimeControl "2700+45"]

1. e4 c5 2. Nf3 a6 3. c3 d5 4. exd5 Qxd5 5. d4 Nf6 6. Be3 cxd4 7. cxd4 e6 8. Nc3
Qd6 9. Bd3 Nc6 10. O-O Be7 11. Rc1 O-O 12. a3 Rd8 13. Qc2 b5 14. Ne4 Nxd4 15.
Bxd4 Bb7 {Black resigns} 1-0

[Event "Team 45 45 League T32"]
[Site "Internet Chess Club"]
[Date "2007.02.18"]
[Round "5"]
[White "steve"]
[Black "elnik"]
[Result "1-0"]
[WhiteElo "2049"]
[BlackElo "1888"]
[ECO "B33"]
[TimeControl "2700+45"]

1. e4 c5 2. Nf3 Nc6 3. d4 cxd4 4. Nxd4 Nf6 5. Nc3 e5 6. Ndb5 d6 7. Bg5 a6 8. Na3
b5 9. Nd5 Be7 10. Bxf6 Bxf6 11. c3 O-O 12. Nc2 Bg5 13. a4 bxa4 14. Rxa4 a5 15.
Bc4 Be6 16. Nce3 Rb8 17. b3 Kh8 18. O-O f5 19. exf5 Bxf5 20. Nxf5 Rxf5 21. Qd3
Rf8 22. Qh3 Bh6 23. Rd1 Qc8 24. Qxc8 Rfxc8 25. h4 Rf8 26. Nc7 Rb7 27. Ne6 Ra8
28. Rxd6 Ne7 29. Nc5 Rbb8 30. Rd7 Rc8 31. Nb7 Nc6 32. Nd6 Rf8 {Black resigns}
1-0

[Event "Team 45 45 League T32"]
[Site "Internet Chess Club"]
[Date "2007.02.16"]
[Round "5"]
[White "alexcolins"]
[Black "chsrules88"]
[Result "0-1"]
[WhiteElo "1750"]
[BlackElo "2097"]
[ECO "D11"]
[TimeControl "2700+45"]

1. d4 d5 2. Nf3 Nf6 3. e3 c6 4. c4 dxc4 5. Bxc4 g6 6. Nbd2 Bg7 7. O-O O-O 8. Re1
Qc7 9. h3 Re8 10. a3 Nbd7 11. b4 b5 12. Bd3 e5 13. Bb2 e4 14. Nxe4 Nxe4 15. Qc2
Nd6 16. Rac1 Bb7 17. e4 a6 18. e5 Nc8 19. Qb3 Qd8 20. e6 fxe6 21. Rxe6 Rxe6 22.
Qxe6+ Kh8 23. Re1 Nf8 24. Qf7 Qd7 25. Qb3 Nb6 26. Ne5 Qd5 27. Qc2 Nfd7 28. Be4
Qe6 29. Nxc6 Nf6 30. d5 Nbxd5 31. Nd4 Qe8 32. Re2 Rc8 33. Bxd5 Rxc2 34. Rxe8+
Nxe8 35. Nxc2 Bxd5 36. Bxg7+ Kxg7 37. Ne3 Be6 38. Kf1 Nd6 39. Ke2 Nc4 40. Nc2
Bf5 41. Nd4 Nxa3 42. g4 Bd7 43. Kd3 Nc4 44. Kc3 Ne5 45. f4 Nc6 46. Nb3 Bc8 47.
Nc5 h5 48. gxh5 gxh5 49. h4 Kf6 50. Ne4+ Ke6 51. Ng3 Kd5 52. Nxh5 Ke4 53. Ng7
Kxf4 54. h5 Kg5 55. Ne8 Kxh5 56. Nd6 Bd7 57. Ne4 Kg6 58. Nc5 Bc8 59. Ne4 Kg7 60.
Nd6 Bd7 61. Ne4 Kf7 62. Nc5 Bc8 63. Ne4 Ke6 64. Nc5+ Kd6 65. Ne4+ Kc7 66. Nc5
Kb6 67. Nb3 Bf5 68. Nd2 Bh7 69. Nb3 Bg8 70. Nc1 Bc4 71. Nb3 Bxb3 72. Kxb3 Kc7
73. Kc3 Kd6 74. Kb3 Kd5 75. Kc3 Ke4 76. Kb3 Kd3 77. Ka3 Kc3 78. Ka2 Nxb4+ 79.
Ka1 a5 80. Kb1 a4 81. Ka1 a3 82. Kb1 Kb3 83. Ka1 Nc2+ {White resigns} 0-1

[Event "Team 45 45 League T32"]
[Site "Internet Chess Club"]
[Date "2007.02.20"]
[Round "5"]
[White "PaulKaspar"]
[Black "deathmage"]
[Result "1-0"]
[WhiteElo "1867"]
[BlackElo "1669"]
[ECO "C01"]
[TimeControl "2700+45"]

1. e4 e6 2. d4 g6 3. Nf3 Bg7 4. Nc3 Ne7 5. Be2 O-O 6. O-O d6 7. Bg5 f6 8. Be3
Nbc6 9. a3 a6 10. Qd2 f5 11. Bh6 fxe4 12. Nxe4 Nf5 13. Bxg7 Kxg7 14. c3 Qe7 15.
Rac1 e5 16. dxe5 Nxe5 17. Nxe5 Qxe5 18. Ng5 Nh6 19. Rce1 Qf6 20. Bc4 Bf5 21.
Ne6+ Bxe6 22. Rxe6 Qh4 23. Bd5 Ng4 24. Qd4+ Kh6 25. h3 c5 26. Qxg4 Qxg4 27. hxg4
{Black resigns} 1-0

[Event "Team 45 45 League T32"]
[Site "Internet Chess Club"]
[Date "2007.02.16"]
[Round "5"]
[White "Izeelden"]
[Black "NESKAYA"]
[Result "0-1"]
[WhiteElo "1751"]
[BlackElo "1630"]
[ECO "C42"]
[TimeControl "2700+45"]

1. e4 e5 2. Nf3 Nf6 3. Nc3 d6 4. Bc4 Be7 5. O-O O-O 6. d3 Bg4 7. h3 Bxf3 8. Qxf3
Nc6 9. Qg3 Re8 10. Nd5 Nd4 11. Ne3 Ne2+ 12. Kh1 Nxg3+ 13. fxg3 Nh5 14. Nf5 Nf6
15. Bg5 h6 16. Be3 c6 17. Rad1 d5 18. exd5 Nxd5 19. Bf2 b5 20. Bb3 a5 21. c4 a4
22. Bc2 Nb4 23. Bb1 Qc8 24. d4 Nxa2 25. Nxe7+ Rxe7 26. Bxa2 exd4 27. Bxd4 c5 28.
Bf2 b4 29. Rd5 Rd7 30. Rxc5 Qd8 31. Rf5 b3 32. Bb1 Rd1 33. Be3 Rxf1+ 34. Rxf1 a3
35. bxa3 Rxa3 36. Bc5 Ra4 37. Re1 g6 38. Kh2 Rxc4 39. Be7 Qd2 40. Rf1 Rc1 41.
Bb4 Qb2 42. Rf3 Qxb1 43. Re3 Rh1# {White checkmated} 0-1

[Event "Team 45 45 League T32"]
[Site "Internet Chess Club"]
[Date "2007.02.18"]
[Round "5"]
[White "ogoon"]
[Black "Jozin"]
[Result "0-1"]
[WhiteElo "1616"]
[BlackElo "1560"]
[ECO "C42"]
[TimeControl "2700+45"]

1. e4 e5 2. Nf3 Nf6 3. Bc4 Nxe4 4. d3 d5 5. dxe4 dxc4 6. Qxd8+ Kxd8 7. Nxe5 Be6
8. O-O Bd6 9. Rd1 Ke7 10. Nd2 Bxe5 11. Nxc4 Bxc4 12. f4 Bd6 13. e5 Bc5+ 14. Kh1
Nc6 15. c3 Rad8 16. Bd2 Be2 17. b4 Bxd1 18. bxc5 Rxd2 19. h4 Rhd8 20. a4 Bf3 21.
gxf3 Rd1+ 22. Rxd1 Rxd1+ 23. Kg2 Ra1 24. Kg3 Rxa4 25. Kg4 Ra1 26. f5 Nxe5+ 27.
Kf4 Nd3+ 28. Ke4 Nxc5+ 29. Kd4 b6 30. h5 a5 31. Kd5 a4 32. Kc6 Kd8 33. c4 a3 34.
f4 a2 35. f6 gxf6 36. h6 Rd1 37. f5 a1=Q 38. Kb5 Qa4# {White checkmated} 0-1

[Event "Team 45 45 League T32"]
[Site "Internet Chess Club"]
[Date "2007.02.18"]
[Round "5"]
[White "chicopee-ed"]
[Black "MarcoDeSade"]
[Result "1-0"]
[WhiteElo "1523"]
[BlackElo "1540"]
[ECO "A15"]
[TimeControl "2700+45"]

1. c4 Nf6 2. g3 e6 3. Bg2 c6 4. e4 d5 5. cxd5 cxd5 6. e5 Nfd7 7. d4 Be7 8. Nf3
O-O 9. O-O Nc6 10. Nc3 a6 11. a3 f6 12. Bf4 g5 13. Bd2 fxe5 14. dxe5 Ndxe5 15.
Nxe5 Nxe5 16. Ne2 Nc4 17. Bc3 Bf6 18. Qd3 b5 19. b3 Bxc3 20. Qxc3 Nd6 21. Nd4
Qf6 22. Rad1 Nf5 23. Qa1 Nxd4 24. Qxd4 Qxd4 25. Rxd4 Bb7 26. Rg4 h6 27. h4 Kh7
28. hxg5 hxg5 29. Rxg5 Rg8 30. Re5 Rae8 31. Rfe1 Rg6 32. Bxd5 Bxd5 33. Rxd5 Re7
34. Rd6 e5 35. Rxg6 Kxg6 36. f3 Kf5 37. Kf2 e4 38. fxe4+ Rxe4 39. Rxe4 Kxe4 40.
g4 Kf4 41. g5 Kxg5 42. Ke3 Kf5 43. Kd4 a5 44. Kc5 b4 45. axb4 axb4 46. Kxb4 Ke6
47. Kc5 Kd7 48. Kb6 Kc8 49. b4 Kb8 50. b5 Ka8 51. Kc7 Ka7 52. b6+ Ka8 53. b7+
{Black resigns} 1-0

[Event "Team 45 45 League T32"]
[Site "Internet Chess Club"]
[Date "2007.02.19"]
[Round "5"]
[White "HoHo"]
[Black "pokerram"]
[Result "0-1"]
[WhiteElo "1745"]
[BlackElo "1738"]
[ECO "B84"]
[TimeControl "2700+45"]

1. e4 c5 2. Nf3 d6 3. d4 cxd4 4. Nxd4 Nf6 5. Nc3 a6 6. Be2 e6 7. Be3 b5 8. a3
Bb7 9. Bf3 Nbd7 10. Qd2 Be7 11. O-O Ne5 12. Qe2 O-O 13. Rfd1 Qc7 14. Bf4 Nxf3+
15. Nxf3 e5 16. Bd2 Rfe8 17. Be1 Rad8 18. Rac1 Bf8 19. Nd5 Bxd5 20. exd5 Qb7 21.
Qd2 Rc8 22. b4 Ne4 23. Qd3 Nf6 24. Qd2 Rc4 25. h3 Ne4 26. Qd3 Rec8 27. c3 Qc7
28. Nd2 Nxd2 29. Bxd2 g6 30. Rc2 Bg7 31. Rdc1 f5 32. f3 Qb7 33. Be1 Qc7 34. Kh1
Bh6 35. Bd2 Bg7 36. Be1 Rf8 37. Qe2 e4 38. fxe4 Rxe4 39. Qd3 Rfe8 40. Bf2 Bh6
41. Rd1 Qe7 42. Qf3 Qe5 43. Rd3 Bf4 44. g3 Bh6 45. Kg2 Bg7 46. Qd1 Qe7 47. Kf1
Qg5 48. Rdd2 Be5 49. Kg2 f4 50. Qf3 Bg7 51. Re2 Rxe2 52. Rxe2 Rxe2 53. Qxe2
Qxd5+ 54. Kh2 Be5 55. gxf4 Bxf4+ 56. Kg1 Qe5 57. Qa2+ Kg7 58. Qc2 Be3 59. Bxe3
Qxe3+ 60. Kg2 d5 61. Qb2 Qe4+ 62. Kh2 Qe5+ 63. Kh1 h5 64. Qa2 Qe4+ 65. Kh2 Qc4
66. Qa1 h4 67. a4 Qf4+ 68. Kh1 Qf3+ 69. Kh2 Qg3+ 70. Kh1 Qxh3+ 71. Kg1 Qg3+ 72.
Kh1 Kh7 73. axb5 axb5 74. Qa7+ Kh6 75. Qf7 Qe1+ 76. Kh2 Qxc3 77. Qf4+ Kh5 78.
Qf7 Qg3+ 79. Kh1 Qg5 80. Qf3+ Qg4 81. Qxd5+ Qf5 82. Qd1+ Kg5 83. Qd2+ Kg4 84.
Qd4+ Qf4 85. Qd7+ Kg3 86. Qd4 Qf3+ 87. Kg1 Qg2# {White checkmated} 0-1

[Event "Team 45 45 League T32"]
[Site "Internet Chess Club"]
[Date "2007.02.18"]
[Round "5"]
[White "Lionskins"]
[Black "quotha"]
[Result "0-1"]
[WhiteElo "1541"]
[BlackElo "1644"]
[ECO "A00"]
[TimeControl "2700+45"]

1. b4 d5 2. Bb2 Qd6 3. a3 e5 4. e3 Nf6 5. h3 g6 6. Nf3 Nbd7 7. c4 c6 8. c5 Qb8
9. Qc2 Bg7 10. Nc3 O-O 11. g4 Re8 12. Be2 a6 13. Rg1 e4 14. Nd4 Qh2 15. Rg3 Ne5
16. Na4 h5 17. Bf1 h4 18. Rg2 Qxh3 19. O-O-O Bxg4 20. Re1 Nd3+ 21. Bxd3 Qxg2 22.
Rf1 exd3 23. Qxd3 h3 24. Ne2 Qxf1+ {White resigns} 0-1

[Event "Team 45 45 League T32"]
[Site "Internet Chess Club"]
[Date "2007.02.20"]
[Round "5"]
[White "NotSoGreat"]
[Black "jonesey"]
[Result "1-0"]
[WhiteElo "2327"]
[BlackElo "1989"]
[ECO "C44"]
[TimeControl "2700+45"]

1. e4 e5 2. Nf3 Nc6 3. d4 exd4 4. Bc4 Bc5 5. c3 Nf6 6. e5 d5 7. Bb5 Ne4 8. cxd4
Bb4+ 9. Bd2 Bxd2+ 10. Nbxd2 Bd7 11. Bd3 Nxd2 12. Qxd2 Qe7 13. O-O O-O 14. Rac1
Rac8 15. Bb1 Bg4 16. Qf4 Bh5 17. Rc3 Nd8 18. Qf5 {Black resigns} 1-0

[Event "Team 45 45 League T32"]
[Site "Internet Chess Club"]
[Date "2007.02.19"]
[Round "5"]
[White "MiroslavR"]
[Black "KingWhacker"]
[Result "0-1"]
[WhiteElo "1976"]
[BlackElo "1941"]
[ECO "C45"]
[TimeControl "2700+45"]

1. e4 e5 2. Nf3 Nc6 3. d4 exd4 4. Nxd4 Bc5 5. Nxc6 Qf6 6. Qd2 dxc6 7. Nc3 Bg4 8.
Na4 Rd8 9. Bd3 Bd6 10. Qe3 Ne7 11. f4 Qh4+ 12. g3 Qh3 13. Bf1 Qh5 14. Be2 Qa5+
15. Bd2 Qxa4 16. b3 Qa3 17. Bxg4 Bc5 18. Qe2 Qb2 19. Rd1 Qxa2 20. f5 Qb2 21. e5
Rd5 22. c3 O-O 23. f6 Ng6 24. fxg7 Re8 25. Bf4 Rxd1+ 26. Kxd1 Rd8+ 27. Ke1 Qb1+
{White resigns} 0-1

[Event "Team 45 45 League T32"]
[Site "Internet Chess Club"]
[Date "2007.02.17"]
[Round "5"]
[White "SpikeyJ"]
[Black "TheObliterator"]
[Result "1-0"]
[WhiteElo "2144"]
[BlackElo "1634"]
[ECO "A15"]
[TimeControl "2700+45"]

1. c4 Nf6 2. g3 g6 3. Bg2 Bg7 4. Nc3 O-O 5. d3 Nc6 6. e4 d6 7. Nge2 e5 8. O-O
Ne8 9. f4 f5 10. Rb1 Nf6 11. b4 Nh5 12. b5 Ne7 13. exf5 gxf5 14. Qc2 Ng6 15.
fxe5 dxe5 16. Ba3 Re8 17. Bd5+ Kh8 18. Bf7 f4 19. Ne4 Bf5 20. Bxe8 Qxe8 21. Bb2
Bxe4 22. dxe4 Qe6 23. a4 Qh3 24. Qc3 Rf8 25. Ba3 Rf7 26. Rbd1 Bf6 27. Qf3 Bg5
28. Qg2 Qe6 29. c5 Qc4 30. Qf3 Ng7 31. Qd3 Qxd3 32. Rxd3 h5 33. h4 Be7 34. gxf4
exf4 35. c6 bxc6 36. Bxe7 Rxe7 37. Nxf4 Nxf4 38. Rxf4 cxb5 39. axb5 Ne6 40. Rf5
Rg7+ 41. Kf2 Rg4 42. Rxh5+ Kg8 43. Re5 Rg6 44. Rg3 Rxg3 45. Kxg3 Kf7 46. Rxe6
Kxe6 47. h5 Kf6 48. Kf4 {Black resigns} 1-0

[Event "Team 45 45 League T32"]
[Site "Internet Chess Club"]
[Date "2007.02.17"]
[Round "5"]
[White "searchforbobby1"]
[Black "Phosphorus"]
[Result "1-0"]
[WhiteElo "2152"]
[BlackElo "2117"]
[ECO "C13"]
[TimeControl "2700+45"]

1. e4 e6 2. d4 d5 3. Nc3 Nf6 4. Bg5 Be7 5. e5 Nfd7 6. h4 O-O 7. Bd3 c5 8. Qh5 g6
9. Qh6 Nc6 10. Nh3 Nxd4 11. Bf6 Bxf6 12. Ng5 {Black resigns} 1-0

[Event "Team 45 45 League T32"]
[Site "Internet Chess Club"]
[Date "2007.02.18"]
[Round "5"]
[White "jayes"]
[Black "Burning-Bush"]
[Result "1-0"]
[WhiteElo "2040"]
[BlackElo "2057"]
[ECO "B47"]
[TimeControl "2700+45"]

1. e4 c5 2. Nf3 e6 3. d4 cxd4 4. Nxd4 Nc6 5. Nc3 Qc7 6. g3 a6 7. Bg2 Nf6 8. O-O
Bb4 9. Bg5 Be7 10. Re1 h6 11. Bf4 d6 12. Nxc6 bxc6 13. e5 dxe5 14. Bxe5 Qd7 15.
Qf3 Bb7 16. Rad1 Qc8 17. Na4 O-O 18. Nb6 Qe8 19. Nxa8 Bxa8 20. c4 Qc8 21. Bd6
Bxd6 22. Rxd6 Qb8 23. Rd2 Qb4 24. Qd3 a5 25. Qc2 a4 26. Red1 Qa5 27. b3 axb3 28.
axb3 e5 29. Qf5 Re8 30. Rd6 Qb6 31. Be4 Qc7 32. Rxf6 gxf6 33. Rd7 {Black
resigns} 1-0